 Dungeon Crawl Stone Soup version 0.31-a0-303-gdc8c9485ea (webtiles) character file.

Game seed: 16900954909995251010

16 Iniera the Ducker (level 2, 6/18 HPs)
             Began as a Deep Elf Monk on July 17, 2023.
             Quit the game on level 2 of the Dungeon.
             The game lasted 00:01:43 (287 turns).

Iniera the Ducker (Deep Elf Monk)                    Turns: 287, Time: 00:01:44

Health: 6/18       AC:  2    Str:  8    XL:     2   Next: 41%
Magic:  4/4        EV: 14    Int: 14    God:
Gold:   0          SH:  0    Dex: 17    Spells: 1/1 levels left

rFire   . . .        a - +0 hand axe
rCold   . . .        d - orb {light}
rNeg    . . .        b - +0 robe
rPois   .            (no helmet)
rElec   .            (no cloak)
rCorr   .            (no gloves)
SInv    .            (no boots)
Will    .....        (no amulet)
Stlth   +            (no ring)
HPRegen 0.23/turn    (no ring)
MPRegen 0.09/turn

%: no passive effects
@: glowing
A: no striking features
a: no special abilities


You were on level 2 of the Dungeon.
You visited 1 branch of the dungeon, and saw 2 of its levels.

Inventory:

Hand Weapons
 a - a +0 hand axe (weapon)
Armour
 b - a +0 robe (worn)
 d - an orb of light (worn)
Jewellery
 f - a +6 ring of dexterity
Scrolls
 e - a scroll of teleportation {unknown}
Potions
 c - 2 potions of ambrosia


   Skills:
 + Level 2.7 Fighting
 + Level 2.6 Axes
 + Level 4.0 Dodging


You had one spell level left.
You didn't know any spells.
Your spell library was empty.

Dungeon Overview and Level Annotations

Branches:
Dungeon (2/15)

Altars:


Message History

The goblin attacks as you move away! The goblin barely misses you.
The goblin attacks as you move away! The goblin hits you but does no damage.
Found a bone wand.
There is a stone staircase leading down here.
The goblin hits you with a +0 dagger.
You see here a wand of flame (19).
The goblin attacks as you move away! The goblin hits you with a +0 dagger.
The goblin attacks as you move away! The goblin closely misses you.
The goblin attacks as you move away! The goblin hits you with a +0 dagger.
An adder comes into view.
You hit the adder.
The adder is lightly wounded.
You closely miss the goblin. The adder closely misses you.
The goblin barely misses you. The adder bites you.
You hit the adder.
The adder is severely wounded.
You hit the goblin.
You kill the goblin!
The adder bites you.
You closely miss the adder.
The adder is severely wounded.
You hit the goblin. The adder misses you. The goblin misses you.
The adder barely misses you.
You hit the adder.
The adder is almost dead.
You hit the goblin.
You kill the goblin!
The adder bites you.
You hit the adder but do no damage.
The adder is almost dead.
The adder barely misses you. The adder closely misses you.
You hit the adder but do no damage.
The adder is almost dead.
The adder bites you but does no damage.
You hit the adder.
You kill the adder!
Your Dodging skill increases to level 4!
You have reached level 2!
Unknown command.
Are you sure you want to abandon this character and quit the game? (Confirm with "yes".)

#..##.# #.##.#
#..# .# #.##.#
#.#
#######.#######
...............
#######.#######
#.# #)# #@# #.#
#.# #.# #.# #.#
..# .##


There were no monsters in sight!

Vanquished Creatures
  An adder (D:2)
  A dart slug (D:2)
  A bat (D:2)
  2 goblins (D:2)
5 creatures vanquished.

Notes
Turn   | Place    | Note
-------+----------+-------------------------------------------
     0 | D:1      | Iniera the Deep Elf Monk began the quest for the Orb.
     0 | D:1      | Reached XP level 1. HP: 13/13 MP: 3/3
   287 | D:2      | Reached skill level 4 in Dodging
   287 | D:2      | Reached XP level 2. HP: 6/18 MP: 4/4
   287 | D:2      | Quit the game

Illustrated notes

Levels and vault maps discovered:
D:1:      lemuel_arrival_broad_hall, layout_basic,
          chequers_ecumenical_altar_simple
D:2:      layout_basic

Skill      XL: |  1 |
---------------+----+-----
Dodging        | 4 |  4.0
Fighting       | |  2.7
Axes           | |  2.6

Action                     || total
---------------------------++-------
  Melee: Hand axe          ||    23
 Armour: Robe              ||    20
  Dodge: Dodged            ||    71

Table legend: (Time is in decaauts)
 A = Elapsed time spent in this place.
 B = Non-inter-level travel time spent in this place.
 C = Inter-level travel time spent in this place.
 D = Time resting spent in this place.
 E = Time spent auto-exploring this place.
 F = Levels seen in this place.
 G = Mean time per level.
                   A        B        C        D        E       F      G
               +--------+--------+--------+--------+--------+-----+--------+
         Total |    290 |    290 |      0 |      9 |      0 |   2 |  145.0 |
       Dungeon |    290 |    290 |      0 |      9 |      0 |   2 |  145.0 |
               +--------+--------+--------+--------+--------+-----+--------+

Top non-repeatable levels by time:
     D:2: 161 daAuts
     D:1: 129 daAuts
